 Dungeon Crawl Stone Soup version 0.23-b1 (webtiles) character file.

Game seed: 12541936399927950032

133 KamiKatze the Ruffian (level 4, -1/45 HPs)
             Began as a Troll Fighter on Jan 29, 2019.
             Slain by an ice beast (13 damage)
             ... on level 3 of the Dungeon.
             The game lasted 00:10:14 (1961 turns).

KamiKatze the Ruffian (Troll Fighter)               Turns: 1961, Time: 00:10:14

Health: -1/45      AC:  6    Str: 25    XL:     4   Next: 94%
Magic:  3/3        EV:  8    Int:  4    God:
Gold:   122        SH:  9    Dex:  9    Spells: 3/3 levels left

rFire    . . .     SeeInvis .     - Unarmed
rCold    . . .     Gourm    +   b - +0 shield (curse)
rNeg     . . .     Faith    +   a - +0 robe
rPois    .         Spirit   .   (helmet restricted)
rElec    .         Reflect  .   (no cloak)
rCorr    .         Harm     .   (gloves unavailable)
MR       .....                  (boots unavailable)
Stlth    +.........             m - amulet of faith
HPRegen  0.55/turn              (no ring)
MPRegen  0.08/turn              (no ring)

@: no status effects
A: large, unfitting armour, claws 3, fast metabolism 3, gourmand, regeneration
1, shaggy fur 1, tough skin 3
a: no special abilities


You were on level 3 of the Dungeon.
You were very full.

You visited 1 branch of the dungeon, and saw 3 of its levels.

You collected 122 gold pieces.

Inventory:

Missiles
 e - 90 stones (quivered)
 l - 6 javelins
Armour
 a - a +0 robe (worn)
 b - a cursed +0 shield (worn)
Jewellery
 m - an amulet of faith (around neck)
Scrolls
 f - 2 scrolls of remove curse {unknown}
 g - a scroll of amnesia {unknown}
 h - 2 scrolls of teleportation {unknown}
 i - 2 scrolls of random uselessness {unknown}
 j - a scroll of fog {unknown}
 n - a scroll of fear {unknown}
Potions
 c - a potion of might
 k - a potion of haste {unknown}
Comestibles
 d - 7 rations


   Skills:
 + Level 3.0 Fighting
 + Level 3.0 Dodging
 + Level 3.0 Shields
 * Level 3.6 Unarmed Combat


You had 3 spell levels left.
You didn't know any spells.
Your spell library was empty.

Dungeon Overview and Level Annotations

Branches:
Dungeon (3/15)

Altars:


Innate Abilities, Weirdness & Mutations

You are too large for most types of armour.
You have claws for hands.
Your metabolism is lightning-fast.
You like to eat raw meat.
Your natural rate of healing is unusually fast.
You are covered in fur. (AC +1)
You have extremely tough skin. (AC +3)


Message History

You completely miss the ice beast. The ice beast hits you.
The ice beast freezes you.
You claw the ice beast!
The ice beast is moderately wounded.
You block the ice beast's attack.
You scratch the ice beast.
The ice beast is heavily wounded.
The ice beast hits you. The ice beast freezes you!
You are too injured to fight recklessly!
You are too injured to fight recklessly!
You are too injured to fight recklessly!
You closely miss the ice beast.
The ice beast is heavily wounded.
You block the ice beast's attack.
Your shield prevents you from hitting the ice beast.
The ice beast is heavily wounded.
The ice beast hits you.
* * * LOW HITPOINT WARNING * * *
The ice beast freezes you!
You die...

#.# #########.#
#.........#### ###
#.######...... ..# #.#
##.#### ####.# #.# #.#
....# #.# ###.### #(Y#
#.# #.....##
######.@###.#####.#.#...
#..................>#.##
#.#####.###..####.....#
#.###..# #.....##
.#####......# ##.###..
.........###.# #.# ##.
.>.......###.#####.####.
..#.....................
#.###..###...###.#####


You could see an ice beast.

Vanquished Creatures
  A worker ant (D:2)
  2 adders (D:2)
  4 worms (D:2)
  4 dart slugs
  3 leopard geckos
  An orc (D:3)
  A ball python (D:2)
  5 giant cockroaches (D:1)
  6 goblins (D:2)
  8 hobgoblins
  5 jackals
  5 kobolds
  11 bats
  A frilled lizard (D:3)
  8 rats
65 creatures vanquished.

Notes
Turn   | Place    | Note
-------+----------+-------------------------------------------
     0 | D:1      | KamiKatze the Troll Fighter began the quest for the Orb.
     0 | D:1      | Reached XP level 1. HP: 22/22 MP: 0/0
   156 | D:1      | Reached XP level 2. HP: 28/29 MP: 1/1
   438 | D:1      | Reached XP level 3. HP: 36/36 MP: 2/2
  1044 | D:2      | Reached XP level 4. HP: 37/44 MP: 3/3
  1946 | D:3      | Noticed an ice beast
  1961 | D:3      | Slain by an ice beast

Skill      XL: |  1  2  3  4 |
---------------+-------------+-----
Unarmed Combat | 3 |  3.6
Fighting       | 3 |  3.0
Dodging        | 3 |  3.0
Shields        | 3 |  3.0

Action                   |  1- 3 |  4- 6 || total
-------------------------+-------+-------++-------
Melee: Unarmed           |   118 |    67 ||   185
Throw: Stone             |     1 |       ||     1
 Stab: Sleeping          |       |     1 ||     1
  Eat: Chunk             |    15 |     8 ||    23
Armor: Robe              |    57 |    21 ||    78
Dodge: Dodged            |    36 |    16 ||    52
Block: Shield            |    62 |    27 ||    89
